 Dungeon Crawl Stone Soup version 0.31.0-32-g396128a36d (webtiles) character file.

Game seed: 16494402747806615979

2250 KittyFluff the Ruffian (level 9, -6/87 HPs)
             Began as a Troll Shapeshifter on Mar 22, 2024.
             Mangled by a boulder beetle (16 damage)
             ... on level 7 of the Dungeon.
             The game lasted 00:30:47 (5532 turns).

KittyFluff the Ruffian (Troll Shapeshifter)         Turns: 5532, Time: 00:30:47

Health: -6/87      AC:  4    Str: 26    XL:     9   Next: 15%
Magic:  0/8        EV: 10    Int: 12    God:
Gold:   279        SH:  7    Dex: 11    Spells: 8/8 levels left

rFire   . .          .
                       - Unarmed
rCold   . . .        E - +0 kite shield
rNeg    . . .        m - +0 robe
rPois   .            (helmet currently unavailable)
rElec   .            (cloak currently unavailable)
rCorr   .            (gloves unavailable)
SInv    .            (boots unavailable)
Will    .....        n - amulet of guardian spirit
Stlth   +            I - +6 ring of intelligence
HPRegen 1.14/turn    (no ring)
MPRegen 0.11/turn

%: guardian spirit
@: beast-form
A: beast (slay +3), large, unfitting armour, claws 3, regeneration 1, shaggy fur
1, tough skin 1
a: Begin Untransformation


You were on level 7 of the Dungeon.
You were a hulking beast.
You visited 1 branch of the dungeon, and saw 7 of its levels.

You collected 331 gold pieces.
You spent 52 gold pieces at shops.

Inventory:

Hand Weapons
 j - a +0 sling of freezing
 q - a +2 hammer of protection
 r - a +4 quarterstaff of chaos
Missiles
 e - 15 poisoned darts
 h - 34 stones (quivered)
 k - 4 large rocks
 x - 2 boomerangs
 A - 4 javelins
Armour
 a - a +0 animal skin
 m - a +0 robe (worn)
 s - a +0 cloak
 E - a +0 kite shield (worn)
Jewellery
 n - an amulet of guardian spirit (around neck)
 I - a +6 ring of intelligence (left claw)
Talismans
 c - a beast talisman
 d - a flux talisman
 i - a flux talisman
 C - a maw talisman
Wands
 p - a wand of charming (24)
 F - a wand of roots (13)
Scrolls
 g - 2 scrolls of vulnerability {unknown}
 l - a scroll of enchant armour {unknown}
 v - a scroll of amnesia {unknown}
 y - a scroll of noise {unknown}
 B - a scroll of teleportation {unknown}
 D - a scroll of acquirement {unknown}
 G - 2 scrolls of identify
 H - a scroll of enchant weapon {unknown}
Potions
 b - 2 potions of lignification
 f - a potion of degeneration
 o - a potion of ambrosia
 t - a potion of resistance
 u - a potion of heal wounds
 w - a potion of cancellation
 z - 2 potions of enlightenment
 J - a potion of might
 K - a potion of haste


   Skills:
 + Level 4.9 Fighting
 + Level 5.1 Dodging
 + Level 6.9 Unarmed Combat
 + Level 6.4 Shapeshifting


You had 8 spell levels left.
You didn't know any spells.
Your spell library contained the following spells:

 Spells                   Type           Power      Damage    Failure   Level
 Foxfire                  Conj/Fire      0%         2x1d4     58%         1
 Summon Small Mammal      Summ           0%         N/A       58%         1
 Martyr's Knell           Necr/Summ      0%         N/A       100%        4
 Summon Blazeheart Golem  Fire/Summ      0%         N/A       100%        4


Dungeon Overview and Level Annotations

Branches:
Dungeon (7/15)
 Temple: D:4-7

Altars:
Cheibriados
Dithmenos
Elyvilon
Gozag
Kikubaaqudgha
Nemelex Xobeh
Okawaru
Sif Muna
Uskayaw
Vehumet
The Shining One

Shops:
D:6 !::


Innate Abilities, Weirdness & Mutations

You are a hulking beast.
Your limbs bulge with bestial killing power. (Slay +3)
You are too large for most types of armour.
You have claws for hands.
Your natural rate of healing is unusually fast.
You are covered in fur. (AC +1)
You have tough skin. (AC +1)


Message History

Throw: 39 stones
Press: ? - help, Q - select action, (/) - cycle Shift-Dir - straight line, f/p - boulder beetle
Aim: a boulder beetle (severely wounded, 90% to hit)
You throw a stone.
The stone hits the boulder beetle but does no damage.
The boulder beetle is severely wounded.
The boulder beetle leaps!
Throw: 38 stones
Press: ? - help, Q - select action, (/) - cycle Shift-Dir - straight line, f/p - boulder beetle
Aim: a boulder beetle (severely wounded, 90% to hit)
You throw a stone. The stone hits the boulder beetle.
The boulder beetle is severely wounded.
The boulder beetle curls into a ball and begins rolling!
Throw: 37 stones
Press: ? - help, Q - select action, (/) - cycle Shift-Dir - straight line, f/p - boulder beetle
Aim: a boulder beetle (severely wounded, rolling, 90% to hit)
You throw a stone.
The stone hits the boulder beetle but does no damage.
The boulder beetle is severely wounded.
Throw: 36 stones
Press: ? - help, Q - select action, (/) - cycle Shift-Dir - straight line, f/p - boulder beetle
Aim: a boulder beetle (severely wounded, rolling, 89% to hit)
You throw a stone. The stone hits the boulder beetle.
The boulder beetle is severely wounded.
Throw: 35 stones
Press: ? - help, Q - select action, (/) - cycle Shift-Dir - straight line, f/p - boulder beetle
Aim: a boulder beetle (severely wounded, rolling, 90% to hit)
You throw a stone. The stone hits the boulder beetle.
The boulder beetle is severely wounded.
The boulder beetle hits you!!!
* * * LOW HITPOINT WARNING * * *
The boulder beetle stops rolling and uncurls.
You scratch the boulder beetle.
The boulder beetle is severely wounded.
The boulder beetle bites you.
* * * LOW HITPOINT WARNING * * *
You claw the boulder beetle!
The boulder beetle is almost dead.
The boulder beetle bites you!!
You die...

########## #
#........### #
#.######...# #
#.# ####...### #
#.#..........# #
#.#..........###
#
#.#........Bh).#
#
#..........###.#
# #.##.###...#
#......# #
#.##.# #.###
#.#...## #.# ##.
#........ #.#
.##. ### .####
#.###.##.# .#
#........# # ###
###.###.##


You could see a boulder beetle.

Vanquished Creatures
  Prince Ribbit (D:4)
  Grinder (D:4)
  Sigmund (D:2)
  Menkaure (D:6)
  A water moccasin (D:5)
  Duvessa (D:5)
  An ice beast (D:7)
  An orc warrior (D:4)
  A sky beast (D:6)
  3 ogres
  2 bullfrogs (D:6)
  Dowan (D:5)
  A howler monkey (D:5)
  3 hounds
  2 jellies (D:5)
  Crazy Yiuf (D:2)
  Ijyb (D:5)
  2 iguanas (D:6)
  5 orc wizards
  A gnoll (D:7)
  14 adders
  A white imp (D:4)
  2 ufetubi (D:4)
  A ribbon worm (D:2)
  17 orcs
  14 ball pythons
  3 bats
  7 endoplasms
  A giant cockroach (D:3)
  6 goblins
  6 hobgoblins
  10 jackals
  7 kobolds
  2 quokkas
  3 rats
125 creatures vanquished.

Notes
Turn   | Place    | Note
-------+----------+-------------------------------------------
     0 | D:1      | KittyFluff the Troll Shapeshifter began the quest for the
                  | Orb.
     0 | D:1      | Reached XP level 1. HP: 18/18 MP: 0/0
   177 | D:1      | Reached XP level 2. HP: 26/26 MP: 1/1
   838 | D:2      | Reached XP level 3. HP: 32/32 MP: 2/2
   870 | D:2      | Noticed Sigmund
   898 | D:2      | Killed Sigmund
   899 | D:2      | Reached skill level 1 in Fighting
   899 | D:2      | Reached XP level 4. HP: 20/42 MP: 3/3
   899 | D:2      | Reached XP level 5. HP: 23/49 MP: 4/4
  1425 | D:2      | Found a faded altar of an unknown god.
  1624 | D:2      | Found a runed translucent door.
  1625 | D:2      | Noticed Crazy Yiuf
  1634 | D:2      | Killed Crazy Yiuf
  1635 | D:2      | Reached XP level 6. HP: 41/57 MP: 2/5
  1806 | D:3      | Found a shadowy altar of Dithmenos.
  2154 | D:3      | Found a snail-covered altar of Cheibriados.
  2850 | D:4      | Noticed Grinder
  2863 | D:4      | Killed Grinder
  2864 | D:4      | Reached skill level 5 in Unarmed Combat
  2864 | D:4      | Reached XP level 7. HP: 36/67 MP: 1/6
  3427 | D:4      | Found a hide-covered altar of Uskayaw.
  3428 | D:4      | Found a white marble altar of Elyvilon.
  3518 | D:5      | Entered Level 5 of the Dungeon
  3518 | D:5      | Noticed Ijyb
  3518 | D:5      | Noticed Duvessa
  3518 | D:5      | Noticed Dowan
  3621 | D:5      | Reached skill level 5 in Shapeshifting
  3760 | D:5      | Found a shimmering blue altar of Sif Muna.
  3777 | D:5      | Found an ancient bone altar of Kikubaaqudgha.
  3791 | D:5      | Found a radiant altar of Vehumet.
  3799 | D:5      | Reached XP level 8. HP: 72/75 MP: 7/7
  3864 | D:5      | Killed Duvessa
  3870 | D:5      | HP: 2/78 [Dowan/shard of ice (21)]
  3874 | D:6      | Noticed Menkaure
  3874 | D:6      | Found an opulent altar of Gozag.
  4028 | D:5      | Noticed Prince Ribbit
  4053 | D:4      | HP: 2/78 [orc warrior/+0 battleaxe (3)]
  4138 | D:4      | Killed Prince Ribbit
  4208 | D:5      | Killed Ijyb
  4361 | D:5      | Killed Dowan
  4584 | D:6      | Killed Menkaure
  4687 | D:6      | Found a sparkling altar of Nemelex Xobeh.
  4706 | D:6      | Found Epsa Dire's Book Shop.
  4774 | D:6      | Reached skill level 5 in Dodging
  4775 | D:6      | Found a glowing golden altar of the Shining One.
  4832 | D:6      | Reached XP level 9. HP: 76/85 MP: 8/8
  4837 | D:6      | Got the Secrets of the United Tropics
  5004 | D:6      | Found Disoz's Book Shoppe.
  5031 | D:6      | Found an iron altar of Okawaru.
  5112 | D:6      | Found Zohid's Distillery.
  5177 | D:6      | Bought a potion of might for 52 gold pieces
  5490 | D:7      | Noticed a boulder beetle
  5532 | D:7      | Mangled by a boulder beetle

Illustrated notes

Levels and vault maps discovered:
D:1:      lemuel_arrival_tunnels, layout_loops_ring,
          corexii_item_surrounded_by_moat, grunt_decor_resistance
D:2:      layout_loops_ring, hellmonk_ecumenical_altar_dog_temple,
          grunt_decor_one_mirror, roderic_lattice_a, uniq_sigmund,
          uniq_crazy_yiuf_cottage
D:3:      layout_loops_ring, lemuel_crystal_altar,
          nicolae_dithmenos_through_a_glass_darkly,
          chequers_serial_rivers_micro_b
D:4:      layout_loops_corners, mainiacjoe_overflow_divided_tiny,
          minmay_snake_closets, uniq_grinder
D:5:      layout_cave_pools, palyth_temple_overflow_mages, uniq_prince_ribbit1,
          uniq_ijyb, uniq_duvessa
D:6:      layout_gridville, grunt_gozag_breadcrumbs,
          nemelex_xobeh_ov_fountains_minmay, nicolae_overflow_hidden_temple,
          lemuel_round_altar, serial_shops, shop, nicolae_square_shop, shop,
          uniq_menkaure
D:7:      layout_loops_corners, temple_statues

Skill      XL: |  1  2  3  4  5  6  7  8 |
---------------+-------------------------+-----
Fighting       | 1 2 3 4 |  4.9
Dodging        | 2 3 4 5 |  5.1
Unarmed Combat | 4 5 6 |  6.9
Shapeshifting  | 4 5 6 |  6.4

Action                     |  1- 3 |  4- 6 |  7- 9 || total
---------------------------+-------+-------+-------++-------
  Melee: Unarmed           |    59 |   132 |   163 ||   354
         Punch             |       |     1 |     2 ||     3
  Throw: Stone             |       |     2 |    47 ||    49
    Use: Potion            |     1 |       |     5 ||     6
         Scroll            |       |     6 |     1 ||     7
   Stab: Sleeping          |       |     3 |       ||     3
 Armour: Animal skin       |    29 |       |       ||    29
         Skin              |     6 |       |       ||     6
         Robe              |       |    68 |   134 ||   202
  Dodge: Dodged            |    19 |    44 |    88 ||   151
  Block: Kite shield       |       |       |    10 ||    10
